 Dungeon Crawl Stone Soup version 0.32-a0-131-g9dbbe29261 (webtiles) character file.

Game seed: 8470147089753985267

166 jasper the Conjurer (level 5, -2/30 HPs)
             Began as a Deep Elf Conjurer on Feb 8, 2024.
             Killed from afar by an electric eel (11 damage)
             ... with a bolt of electricity
             ... on level 3 of the Dungeon.
             The game lasted 00:03:50 (2734 turns).

jasper the Conjurer (Deep Elf Conjurer)             Turns: 2734, Time: 00:03:51

Health: -2/30      AC:  4    Str:  4    XL:     5   Next: 22%
Magic:  11/11      EV: 11    Int: 25    God:
Gold:   127        SH:  0    Dex: 13    Spells: 3/10 levels left

rFire   . . .        e - +1 short sword (protect)
rCold   . . .        (no shield)
rNeg    . . .        c - +0 leather armour
rPois   .            (no helmet)
rElec   .            (no cloak)
rCorr   .            l - +0 pair of gloves
SInv    .            (no boots)
Will    .....        (no amulet)
Stlth   ++           (no ring)
HPRegen 0.25/turn    (no ring)
MPRegen 0.12/turn

%: no passive effects
@: no status effects
A: no striking features
a: no special abilities


You were on level 3 of the Dungeon.
You visited 1 branch of the dungeon, and saw 3 of its levels.

You collected 127 gold pieces.

Inventory:

Hand Weapons
 d - a +0 rapier
 e - a +1 short sword of protection (weapon)
Armour
 a - a +0 robe
 c - a +0 leather armour (worn)
 l - a +0 pair of gloves (worn)
Wands
 o - a wand of flame (11)
Scrolls
 g - a scroll of blinking {unknown}
 i - 2 scrolls of enchant weapon {unknown}
 m - a scroll of identify {unknown}
 n - a scroll of fear {unknown}
Potions
 b - a potion of magic
 f - a potion of curing {unknown}
 h - 2 potions of brilliance {unknown}
 j - a potion of degeneration {unknown}
 k - a potion of might {unknown}


   Skills:
 + Level 2.2 Fighting
 - Level 2.4 Dodging
 - Level 2.4 Stealth
 - Level 3.0 Spellcasting
 - Level 6.0 Conjurations
 + Level 1.8 Alchemy


You had 3 spell levels left.
You knew the following spells:

 Your Spells              Type           Power      Damage    Failure   Level
a - Magic Dart            Conj           100%       1d8       1%          1
b - Searing Ray           Conj           66%        2d6       2%          2
c - Fulminant Prism       Conj/Alch      11%        3d9       34%         4

Your spell library contained the following spells:

 Spells                   Type           Power      Damage    Failure   Level
 Iskenderun's Mystic Bla  Conj/Tloc      18%        2d6       45%         4


Dungeon Overview and Level Annotations

Branches:
Dungeon (3/15)

Altars:
Dithmenos

Annotations:
D:3 1 transporter


Message History

Press: ? - help, Shift-Dir - straight line, f - electric eel
Aim: an electric eel (48% to hit)
The puff of flame misses the electric eel.
The electric eel is engulfed in a cloud of scalding steam.
The electric eel shoots out a bolt of lightning at you!
The bolt of electricity hits you!
The bolt of electricity hits the plant! x2
You take 7 damage, and have 10/26 hp.
MASSIVE DAMAGE!!
You close the door.
The electric eel is engulfed in a cloud of scalding steam.
You start resting.
The electric eel is engulfed in a cloud of scalding steam.
The electric eel is engulfed in a cloud of scalding steam.
You kill the electric eel!
You hear a splash.
You have reached level 5!
You regained 2 hp, and now have 12/30 hp.
MP restored: 11 You start resting.
A nearby plant withers and dies.
You start resting.
HP restored.
Health restored: 30 You hit the plant.
The plant begins to die.
The plant is lightly damaged.
You start waiting.
A nearby plant withers and dies.
You enter the shallow water.
Moving in this stuff is going to be slow.
You open the door.
The electric eel shoots out a bolt of lightning at you!
The bolt of electricity hits you! x2
* * * LOW HITPOINT WARNING * * *
The electric eel shoots out a bolt of lightning at you!
The bolt of electricity misses you.
You take 21 damage, and have 9/30 hp.
MASSIVE DAMAGE!!
You enter the shallow water.
Moving in this stuff is going to be slow.
Okay, then.
The electric eel shoots out a bolt of lightning at you!
The bolt of electricity misses you. The bolt of electricity hits you!
You die...

#.#######.###.#.##
#.............#.#
################...###.#
#).................# #.#
#.###############..###.#
##.#ßP#~~~~~SS#~ß#...##.#
##..#..#.......#..#......#
#..©#©[+...⌠...'.©#©...###
....#..#.......#@.#....#
.##.#ßP#~~~~~~†#~ß#....#
.##.###############.<#.#
.##..................#.#
.##################..#.#
.# #..#.# .##### #..#.#
.....# #..#.# .....# #####
##..#.#


You could see 2 electric eels.

Vanquished Creatures
  An electric eel (D:3)
  6 adders (D:2)
  A gnoll (D:1)
  2 dart slugs
  A ribbon worm (D:1)
  6 ball pythons
  8 bats
  6 endoplasms
  4 giant cockroaches
  5 goblins
  4 hobgoblins
  5 kobolds
  3 quokkas
  A frilled lizard (D:1)
  6 rats
59 creatures vanquished.

Notes
Turn   | Place    | Note
-------+----------+-------------------------------------------
     0 | D:1      | jasper the Deep Elf Conjurer began the quest for the Orb.
     0 | D:1      | Reached XP level 1. HP: 10/10 MP: 6/6
   169 | D:1      | Reached XP level 2. HP: 16/16 MP: 6/8
   190 | D:1      | Learned a level 2 spell: Searing Ray
   391 | D:1      | Reached skill level 5 in Conjurations
   398 | D:1      | Reached skill level 1 in Fighting
   550 | D:1      | Reached XP level 3. HP: 20/20 MP: 7/9
  1102 | D:2      | Reached XP level 4. HP: 18/25 MP: 0/10
  1107 | D:2      | Learned a level 4 spell: Fulminant Prism
  1531 | D:2      | Reached skill level 6 in Conjurations
  1531 | D:2      | Reached skill level 1 in Alchemy
  1805 | D:2      | Found a faded altar of an unknown god.
  2107 | D:3      | Found a transporter.
  2173 | D:3      | Found a shadowy altar of Dithmenos.
  2341 | D:3      | Found a transporter.
  2653 | D:3      | Reached XP level 5. HP: 12/30 MP: 11/11
  2734 | D:3      | Killed from afar by an electric eel

Illustrated notes

Levels and vault maps discovered:
D:1:      orjb1_clovarrival, layout_rooms, minmay_tromino_mix6
D:2:      layout_rooms, dreamdust_ecumenical_altar_angels_and_demons,
          minmay_misc_feat_nine_boxes
D:3:      gammafunk_steamed_eel, layout_basic,
          mainiacjoe_overflow_small_starburst, chequers_serial_rivers_micro_a,
          chequers_decorated_corner, roderic_lattice_a

Skill      XL: |  1  2  3  4 |
---------------+-------------+-----
Conjurations   | 5 6 |  6.0
Fighting       | 1 2 |  2.2
Alchemy        | 1 |  1.8
Dodging        | |  2.4
Stealth        | |  2.4
Spellcasting   | |  3.0

Action                     |  1- 3 |  4- 6 || total
---------------------------+-------+-------++-------
  Melee: Short sword       |     5 |     3 ||     8
   Cast: Magic Dart        |    61 |    43 ||   104
         Searing Ray       |     3 |     1 ||     4
  Evoke: Wand              |       |     1 ||     1
   Stab: Sleeping          |       |     1 ||     1
 Armour: Leather armour    |     6 |     5 ||    11
  Dodge: Dodged            |     6 |     2 ||     8

Table legend: (Time is in decaauts)
 A = Elapsed time spent in this place.
 B = Non-inter-level travel time spent in this place.
 C = Inter-level travel time spent in this place.
 D = Time resting spent in this place.
 E = Time spent auto-exploring this place.
 F = Levels seen in this place.
 G = Mean time per level.
                   A        B        C        D        E       F      G
               +--------+--------+--------+--------+--------+-----+--------+
         Total |   2746 |   2661 |     85 |    344 |   2014 |   3 |  915.3 |
       Dungeon |   2746 |   2661 |     85 |    344 |   2014 |   3 |  915.3 |
               +--------+--------+--------+--------+--------+-----+--------+

Top non-repeatable levels by time:
     D:1: 1017 daAuts
     D:3: 909 daAuts
     D:2: 820 daAuts
